 Dungeon Crawl Stone Soup version 0.23.2-30-g0e89c35649 (webtiles) character file.

Game seed: 14375147706086089367

841 teukkam the Shield-Bearer (level 7, -10/63 HPs)
             Began as a Minotaur Fighter on June 7, 2019.
             Was an Initiate of Gozag.
             Killed by nerve-wracking pain
             ... invoked by a shadow imp
              (14 damage)
             ... on level 5 of the Dungeon.
             The game lasted 00:14:52 (3566 turns).

teukkam the Shield-Bearer (Minotaur Fighter)        Turns: 3566, Time: 00:14:53

Health: -10/63     AC: 16    Str: 23    XL:     7   Next: 67%
Magic:  6/6        EV:  5    Int: 11    God:    Gozag
Gold:   694        SH: 10    Dex:  9    Spells: 6/6 levels left

rFire    . . .     SeeInvis .   a - +2 spear (freeze)
rCold    . . .     Gourm    .   c - +0 shield
rNeg     . . .     Faith    .   l - +1 plate armour (curse)
rPois    .         Spirit   .   (helmet restricted)
rElec    .         Reflect  .   (no cloak)
rCorr    .         Harm     .   r - +0 pair of gloves
MR       .....                  p - +0 pair of boots
Stlth    ..........             (no amulet)
HPRegen  0.20/turn              t - +4 ring of intelligence
MPRegen  0.10/turn              y - +2 ring of intelligence

@: starving
A: retaliatory headbutt, horns 2
a: Potion Petition, Call Merchant, Bribe Branch, Renounce Religion


You were on level 5 of the Dungeon.
You worshipped Gozag.
Gozag was pleased with you.
You were starving.

You visited 1 branch of the dungeon, and saw 5 of its levels.

You collected 724 gold pieces.
You paid 30 gold pieces to Gozag.

Inventory:

Hand Weapons
 a - a +2 spear of freezing (weapon)
 o - a +0 war axe
Missiles
 f - 25 poisoned needles
 h - 86 stones (quivered)
Armour
 b - a +0 scale mail
 c - a +0 shield (worn)
 l - a cursed +1 plate armour (worn)
 p - a +0 pair of boots (worn)
 r - a +0 pair of gloves (worn)
Jewellery
 t - a +4 ring of intelligence (left hand)
 y - a +2 ring of intelligence (right hand)
Wands
 d - a wand of random effects (3)
Scrolls
 e - 6 scrolls of remove curse
 i - 2 scrolls of amnesia
 n - 4 scrolls of identify
 s - a scroll of magic mapping
Potions
 g - a potion of resistance {unknown}
 j - 2 potions of curing
 k - a potion of berserk rage {unknown}
 m - 2 potions of cancellation {unknown}
 u - 2 potions of flight {unknown}
 w - a potion of agility {unknown}
 z - a potion of mutation {unknown}


   Skills:
 + Level 6.2 Fighting
 - Level 3.3(4.4) Axes
 + Level 4.4(5.0) Polearms
 + Level 6.3 Armour
 + Level 6.3 Shields


You had 6 spell levels left.
You didn't know any spells.
Your spell library was empty.

Dungeon Overview and Level Annotations

Branches:
Dungeon (5/15)             Temple (0/1) D:5

Altars:
Gozag
Makhleb
Xom

Annotations:
D:5 Blork the orc


Innate Abilities, Weirdness & Mutations

You reflexively headbutt those who attack you in melee.
You have a pair of horns on your head.


Message History

Unknown command.
Evoke which item? (* to show all) (? for menu, Esc to quit)
Aiming: Random Effects
Press: ? - help, Shift-Dir - straight line, f/p - leopard gecko skeleton
Aim: a leopard gecko skeleton The puff of flame hits Blork the orc.
Blork the orc is heavily wounded.
The shadow imp hits you but does no damage.
The orc hits you but does no damage.
Blork the orc hits you but does no damage.
Evoke which item? (* to show all) (? for menu, Esc to quit)
Aiming: Random Effects
Press: ? - help, Shift-Dir - straight line, f/p - leopard gecko skeleton
Aim: a leopard gecko skeleton The puff of frost hits Blork the orc!
Blork the orc is severely wounded.
The shadow imp gestures at you. Pain shoots through your body!
You die...
Your body crumbles into a pile of gold.

****,****.......###
,,,,,*.....>......#
******,.#.......#.#
### *,,......$...#
..# **##...ยง...#o#
..# *.......o.Y#
..# *#.#.#,#o#o#
..# #.#.####5o# ..#
#####...ooZo@##
..###.......######
##........#.#
##.##.##..#.#
##.##.##o##.#
....o.......#
##.##.##.#####
*#.##........#*****
.#.......##...,,,,*
***********


You could see Blork the orc (confused), an orc warrior, an ice beast, an orc
priest, an orc wizard, a shadow imp, 4 orcs and a leopard gecko skeleton.

Vanquished Creatures
  Eustachio (D:4)
  Duvessa (D:4)
  An orc warrior (D:4)
  A phantom (D:4)
  Dowan (D:4)
  An orc wizard (D:4)
  A gnoll shaman (D:4)
  An orc priest (D:4)
  2 worker ants (D:4)
  A hound skeleton (D:4)
  7 gnolls
  4 oozes
  4 worms
  2 dart slugs (D:2)
  3 leopard geckos
  8 orcs
  3 giant cockroaches
  10 goblins
  4 hobgoblins (D:1)
  15 jackals
  10 kobolds
  3 quokkas
  A ball python (D:2)
  12 bats
  6 frilled lizards
  6 rats
109 creatures vanquished.

Notes
Turn   | Place    | Note
-------+----------+-------------------------------------------
     0 | D:1      | teukkam the Minotaur Fighter began the quest for the Orb.
     0 | D:1      | Reached XP level 1. HP: 19/19 MP: 0/0
   160 | D:1      | Reached XP level 2. HP: 22/27 MP: 1/1
   301 | D:1      | Reached XP level 3. HP: 22/33 MP: 2/2
   446 | D:2      | Found an opulent altar of Gozag.
   453 | D:2      | Became a worshipper of Gozag Ym Sagoz the Greedy
  1307 | D:2      | Reached XP level 4. HP: 40/40 MP: 3/3
  2114 | D:3      | Reached skill level 1 in Polearms
  2460 | D:4      | Noticed Eustachio
  2474 | D:4      | Killed Eustachio
  2474 | D:4      | Reached skill level 5 in Fighting
  2474 | D:4      | Reached skill level 5 in Armour
  2474 | D:4      | Reached skill level 5 in Shields
  2474 | D:4      | Reached XP level 5. HP: 28/48 MP: 4/4
  2558 | D:4      | Noticed a phantom
  2569 | D:4      | Noticed Dowan
  2572 | D:4      | Reached XP level 6. HP: 34/56 MP: 5/5
  2588 | D:4      | Noticed Duvessa
  2594 | D:4      | Killed Dowan
  2600 | D:4      | Killed Duvessa
  2600 | D:4      | Reached XP level 7. HP: 35/62 MP: 6/6
  2759 | D:5      | Entered Level 5 of the Dungeon
  2759 | D:5      | Found a burning altar of Makhleb.
  3069 | D:4      | Found a shimmering altar of Xom.
  3493 | D:5      | Noticed Blork the orc
  3564 | D:5      | HP: 3/63 [orc/+0 dagger (2)]
  3566 | D:5      | Killed from afar by a shadow imp

Skill      XL: |  1  2  3  4  5  6  7 |
---------------+----------------------+-----
Armour         | 4 5 6 |  6.3
Fighting       | 4 5 6 |  6.2
Shields        | 4 5 6 |  6.3
Axes           | 3 |  3.3
Polearms       | 2 3 4 |  4.4

Action                   |  1- 3 |  4- 6 |  7- 9 || total
-------------------------+-------+-------+-------++-------
Melee: War axe           |   123 |       |       ||   123
       Headbutt          |    10 |    11 |    20 ||    41
       Spear             |       |   100 |   123 ||   223
Evoke: Wand              |       |       |     6 ||     6
  Use: Scroll            |     1 |       |     6 ||     7
       Potion            |       |     2 |       ||     2
 Stab: Distracted        |       |       |     2 ||     2
  Eat: Ration            |     1 |     1 |       ||     2
Armor: Scale mail        |    35 |       |       ||    35
       Plate armour      |    51 |    38 |    83 ||   172
Dodge: Dodged            |    41 |    17 |    21 ||    79
Block: Shield            |    75 |    35 |    81 ||   191
